 Dungeon Crawl Stone Soup version 0.29.0-13-gc9e81de378 (webtiles) character file.

Game seed: 15259942733672652191

6 brightshaft the Chopper (level 1, -1/23 HPs)
             Began as a Gnoll Cinder Acolyte on Sept 7, 2022.
             Was a High Priest of Ignis.
             Slain by a quokka (5 damage)
             ... on level 1 of the Dungeon.
             The game lasted 00:00:20 (57 turns).

brightshaft the Chopper (Gnoll Cinder Acolyte)        Turns: 57, Time: 00:00:21

Health: -1/23      AC:  2    Str: 13    XL:     1   Next: 90%
Magic:  4/4        EV: 11    Int: 13    God:    Ignis [*****.]
Gold:   0          SH:  0    Dex:  7    Spells: 5/5 levels left

rFire   + . .      SeeInvis .   a - -1 hand axe (flame)
rCold   . . .      Faith    .   (no shield)
rNeg    . . .      Spirit   .   b - +0 robe
rPois   .          Reflect  .   (no helmet)
rElec   .          Harm     .   (no cloak)
rCorr   .          Rampage  .   (no gloves)
Will    .....                   (no boots)
Stlth   +.........              (no amulet)
HPRegen 0.07/turn               (no ring)
MPRegen 0.09/turn               (no ring)

@: no status effects
A: fangs 1, strong nose, distributed training
a: Renounce Religion, Fiery Armour, Foxfire Swarm, Rising Flame


You were on level 1 of the Dungeon.
You worshipped Ignis.
Ignis was extremely pleased with you.
You visited 1 branch of the dungeon, and saw 1 of its levels.

Inventory:

Hand Weapons
 a - a -1 hand axe of flaming (weapon)
Armour
 b - a +0 robe (worn)
Scrolls
 e - a scroll of blinking {unknown}
Potions
 c - a potion of brilliance {unknown}
 d - a potion of flight {unknown}


   Skills:
 + Level 6.4 Fighting
 + Level 0.2 Short Blades
 + Level 0.2 Long Blades
 + Level 6.4 Axes
 + Level 0.2 Maces & Flails
 + Level 0.2 Polearms
 + Level 0.2 Staves
 + Level 0.2 Ranged Weapons
 + Level 0.2 Throwing
 + Level 0.2 Armour
 + Level 0.2 Dodging
 + Level 0.2 Stealth
 + Level 0.2 Shields
 + Level 0.2 Unarmed Combat
 + Level 2.6 Spellcasting
 + Level 0.1 Conjurations
 + Level 0.1 Hexes
 + Level 0.1 Summonings
 + Level 0.1 Necromancy
 + Level 0.1 Translocations
 + Level 0.1 Transmutations
 + Level 5.3 Fire Magic
 + Level 0.1 Ice Magic
 + Level 0.1 Air Magic
 + Level 0.1 Earth Magic
 + Level 0.1 Poison Magic
 + Level 0.3 Invocations
 + Level 0.2 Evocations


You had 5 spell levels left.
You didn't know any spells.
Your spell library contained the following spells:

 Spells                   Type           Power      Damage    Failure   Level
 Scorch                   Fire           30%        2d6       4%          2


Dungeon Overview and Level Annotations

Branches:
Dungeon (1/15)

Altars:


Innate Abilities, Weirdness & Mutations

You have very sharp teeth.
Your uncanny sense of smell can sniff out nearby items.
Your experience applies equally to all skills.


Message History

You barely miss the bat. You closely miss the quokka.
The bat hits you but does no damage. The quokka completely misses you.
The quokka barely misses you.
You hit the endoplasm. You burn the endoplasm.
The endoplasm is almost dead.
You completely miss the quokka. The bat hits you. The endoplasm hits you.
The quokka closely misses you.
You barely miss the endoplasm.
The endoplasm is severely wounded.
You hit the quokka but do no damage. You hit the endoplasm.
You burn the endoplasm. You miss the bat. The bat closely misses you.
The endoplasm misses you. The endoplasm freezes you.
You are frozen.
The quokka barely misses you.
You are too injured to fight recklessly!
You are too injured to fight recklessly!
You are too injured to fight recklessly!
You are too injured to fight recklessly!
You are too injured to fight recklessly!
The endoplasm attacks as you move away! The endoplasm barely misses you.
The bat closely misses you. The endoplasm freezes you.
You are frozen.
* * * LOW HITPOINT WARNING * * *
The quokka bites you.
* * * LOW HITPOINT WARNING * * *
Unknown command.
The bat closely misses you. The bat barely misses you.
The endoplasm hits you but does no damage.
You hit the quokka. You burn the quokka.
The quokka is severely wounded.
You hit the endoplasm. You burn the endoplasm.
You kill the endoplasm!
The bat hits you but does no damage. The quokka closely misses you.
You closely miss the quokka. You bite the quokka, but do no damage.
The quokka is severely wounded.
You hit the endoplasm. You burn the endoplasm.
You kill the endoplasm!
The quokka bites you.
You die...

.># .. #.. .......... #.#
.###.. ..........
#.##...... #.....#.#
##.....##.. ##.....#.#
#.....##... #........#
###..†####...
#........#####...#).##..#.
#......l.##......)......#.
#....†.r@..#..###........
##.....b$..#.## #..####.#
#....####...# #.## ###
....#.. ....PP.#(# ####...
..##..♣....# #.... #
#.♣_P♣P## ...#.. #P..P♣.
####.. .P♣.P


You could see a quokka, a bat and a frilled lizard.

Vanquished Creatures
  2 endoplasms (D:1)
  A hobgoblin (D:1)
  A ball python (D:1)
  2 kobolds (D:1)
  A rat (D:1)
7 creatures vanquished.

Notes
Turn   | Place    | Note
-------+----------+-------------------------------------------
     0 | D:1      | brightshaft the Gnoll Cinder Acolyte began the quest for
                  | the Orb.
     0 | D:1      | Reached XP level 1. HP: 23/23 MP: 4/4
    36 | D:1      | Found a faded altar of an unknown god.
    57 | D:1      | Slain by a quokka

Illustrated notes

Levels and vault maps discovered:
D:1:      lemuel_arrival_behind_the_door_large, layout_rooms,
          ebering_ecumenical_altar_petrified

Action                   || total
-------------------------++-------
Melee: Hand axe          ||    20
       Bite              ||     1
Armor: Robe              ||     8
Dodge: Dodged            ||    25
